 Dungeon Crawl Stone Soup version 0.19.5 (webtiles) character file.

64 HeyBub the Slasher (level 3, -6/33 HPs)
             Began as a Minotaur Monk on Apr 13, 2017.
             Mangled by a gnoll (8 damage)
             ... on level 2 of the Dungeon.
             The game lasted 00:03:02 (1274 turns).

HeyBub the Slasher (Minotaur Monk)                  Turns: 1274, Time: 00:03:03

Health: -6/33      AC:  2    Str: 15 (16) XL:     3   Next: 91%
Magic:  2/2        EV: 19    Int:  5 (7)  God:
Gold:   112        SH:  3    Dex: 16 (17) Spells: 0 memorised, 2 levels left

rFire  . . .     SeeInvis .     a - +0 falchion
rCold  . . .     Gourm    .     b - +0 robe
rNeg   . . .     Faith    .     (no shield)
rPois  .         Spirit   .     (helmet restricted)
rElec  .         Reflect  +     (no cloak)
rCorr  .         Harm     .     (no gloves)
MR     .....                    (no boots)
Stlth  +++.......               g - +3 amulet of reflection
                                (no ring)
                                n - ring of wizardry

@: agile, flying, hasted, very quick
A: retaliatory headbutt, horns 2
a: no special abilities


You were on level 2 of the Dungeon.
You were very hungry.

You visited 1 branch of the dungeon, and saw 2 of its levels.

You collected 112 gold pieces.

Inventory:

Hand Weapons
 a - a +0 falchion (weapon)
Armour
 b - a +0 robe (worn)
Jewellery
 g - a +3 amulet of reflection (around neck)
 n - a ring of wizardry (left hand)
Wands
 e - a wand of lightning (7/15)
Scrolls
 i - a scroll of fear {unknown}
 k - a scroll of remove curse {unknown}
 p - 2 scrolls of identify {unknown}
 q - a scroll of noise {unknown}
Potions
 d - a potion of agility
 h - a potion of flight
 l - a potion of haste
 o - a potion of cancellation {unknown}
Comestibles
 c - 2 bread rations
 j - a beef jerky
 m - 2 meat rations


   Skills:
 + Level 3.9 Fighting
 + Level 4.2 Long Blades
 + Level 2.0 Throwing
 + Level 3.8 Dodging
 + Level 1.7 Stealth


You had 2 spell levels left.
You didn't know any spells.

Dungeon Overview and Level Annotations

Branches:
Dungeon (2/15)

Altars:


Innate Abilities, Weirdness & Mutations

You reflexively headbutt those who attack you in melee.
You have a pair of horns on your head.


Message History

The gnoll is moderately wounded.
You block the gnoll's attack. The gnoll barely misses you.
You furiously retaliate!
You headbutt the gnoll.
Unknown command.
It was a potion of agility.
You feel agile all of a sudden.
The gnoll hits you from afar with an enchanted spear.
* * * LOW HITPOINT WARNING * * *
The gnoll hits you.
* * * LOW HITPOINT WARNING * * *
It was a potion of degeneration.
There was something very wrong with that liquid.
You feel weakened.
You feel dopey.
You feel clumsy. The gnoll closely misses you.
The gnoll hits you but does no damage.
It was a potion of flight.
You feel very buoyant.
You fly up into the air.
The gnoll completely misses you. The gnoll misses you.
It was a potion of haste.
You feel yourself speed up. The gnoll closely misses you. The gnoll hits you!
You die...

............# #... ..[.........#
#......... #... ............#
#......... #... ............#
#......... #... ............#
#......(.. #... )...........#
#........... #... ............#
#....(....... #... ......†.....#
#..gg......... #..>
............# #.@)..........
#... ##'##########
#............. #... #.#
#########(............###'# #.#
#..............(........... #†#
#.#######.......#.####..... #.#
#.# #.......#.#........
#.####.#######.......#.#.##.....
#....#.......#.......#.#........
####.#.......#.......#...#......


You could see 2 gnolls.

Vanquished Creatures
  A gnoll (D:2)
  An adder (D:2)
  3 dart slugs
  A leopard gecko (D:2)
  A ball python (D:1)
  2 giant cockroaches
  3 hobgoblins
  3 jackals (D:1)
  7 kobolds
  7 bats
  3 frilled lizards
  3 goblins (D:1)
  5 rats
40 creatures vanquished.

Notes
Turn   | Place    | Note
-------+----------+-------------------------------------------
     0 | D:1      | HeyBub the Minotaur Monk began the quest for the Orb.
     0 | D:1      | Reached XP level 1. HP: 19/19 MP: 0/0
   172 | D:1      | Reached XP level 2. HP: 27/27 MP: 1/1
   348 | D:1      | Reached skill level 1 in Throwing
   356 | D:1      | Reached skill level 4 in Long Blades
   758 | D:2      | Reached XP level 3. HP: 24/33 MP: 2/2
  1271 | D:2      | HP: 1/33 [gnoll (4)]
  1274 | D:2      | Mangled by a gnoll

Skill      XL: |  1  2  3 |
---------------+----------+-----
Throwing       | 1 2 |  2.0
Long Blades    | 4 |  4.2
Fighting       | |  3.9
Dodging        | |  3.8
Stealth        | |  1.7

Action                   || total
-------------------------++-------
Melee: Falchion          ||    28
       Headbutt          ||     6
Throw: Tomahawk          ||    67
  Use: Potion            ||     4
 Stab: Sleeping          ||     1
Armor: Robe              ||     9
Dodge: Dodged            ||    28
Block: Other             ||     2
       Rpst.: Falchion   ||     7
